TOP OF THE 1ST |
Midland RockHounds batting - Pitching for Birmingham Barons : RHP Rick Sacket
|
Pitching: RHP Rick Sacket
|
|
Batting: LHB Zachary DeLuca
|
0-0: Foul Ball, location: 2F 0-1: Ball 1-1: Foul Ball, location: 2F 1-2: Ball 2-2: Ball 3-2: Foul Ball, location: 2F 3-2: Foul Ball, location: 2F 3-2: Strikes out swinging
|
Batting: SHB Rich Muniz
|
0-0: Ball 1-0: Ball 2-0: Called Strike 2-1: Called Strike 2-2: Foul Ball, location: 2F 2-2: Ball 3-2: Base on Balls
|
Batting: RHB Dave Glenn
|
0-0: Ball 1-0: Fly out, F8 (Line Drive, 8RS, EV 87.5 MPH)
|
Batting: LHB John Shults
|
0-0: Ball 1-0: Ball 2-0: Ball 3-0: Called Strike 3-1: Ground out U3 (Groundball, 3L, EV 100.6 MPH)
|
Top of the 1st over - 0 runs, 0 hits, 0 errors, 1 left on base; Midland 0 - Birmingham 0 |
BOTTOM OF THE 1ST |
Birmingham Barons batting - Pitching for Midland RockHounds : RHP Dong-choon Park
|
Pitching: RHP Dong-choon Park
|
|
Batting: RHB Jeremy Hoffert
|
0-0: Ball 1-0: Ground out 6-3 (Groundball, 6, EV 92.5 MPH)
|
Batting: LHB Brandon Hopper
|
0-0: Ball 1-0: Ball 2-0: Called Strike 2-1: Called Strike 2-2: Strikes out swinging
|
Batting: RHB Guillermo Mojica
|
0-0: Ball 1-0: Ball 2-0: Swinging Strike 2-1: Fly out, F9 (Flyball, 9S, EV 94.4 MPH)
|
Bottom of the 1st over - 0 runs, 0 hits, 0 errors, 0 left on base; Midland 0 - Birmingham 0 |
TOP OF THE 2ND |
Midland RockHounds batting - Pitching for Birmingham Barons : RHP Rick Sacket
|
Batting: RHB Luis Restrepo
|
0-0: Foul Ball, location: 2F 0-1: Foul Ball, location: 2F 0-2: Ball 1-2: SINGLE (Groundball, 34D, EV 98.1 MPH)
|
Batting: RHB Danny Heikkila
|
0-0: Ball 1-0: Foul Ball, location: 2F 1-1: Fly out, F3 (Popup, 3, EV 70.6 MPH)
|
Batting: RHB Carlos Ballesteros
|
0-0: Called Strike Luis Restrepo steals 2nd base 0-1: Ground out 6-3 (Groundball, 6, EV 86.2 MPH) Luis Restrepo to third
|
Batting: RHB Armando Estrada
|
0-0: Ball 1-0: Ground out 6-3 (Groundball, 56D, EV 87.5 MPH)
|
Top of the 2nd over - 0 runs, 1 hit, 0 errors, 1 left on base; Midland 0 - Birmingham 0 |
BOTTOM OF THE 2ND |
Birmingham Barons batting - Pitching for Midland RockHounds : RHP Dong-choon Park
|
Batting: LHB Ryan Dyal
|
0-0: Ball 1-0: Called Strike 1-1: Called Strike 1-2: Ball 2-2: Ground out 4-3 (Groundball, 13, EV 88.1 MPH)
|
Batting: LHB Josh Pittman
|
0-0: Foul Ball, location: 2F 0-1: Foul Ball, location: 2F 0-2: Ball 1-2: DOUBLE (Line Drive, 8LXD, EV 106.2 MPH)
|
Batting: RHB Toichiro Fujimoto
|
0-0: Ground out 5-3 (Groundball, 56S, EV 78.8 MPH)
|
Batting: LHB Carlos Ramirez
|
0-0: Ball 1-0: Called Strike 1-1: Foul Ball, location: 2F 1-2: Ball 2-2: Ball 3-2: Ground out 4-3 (Groundball, 34, EV 102.5 MPH)
|
Bottom of the 2nd over - 0 runs, 1 hit, 0 errors, 1 left on base; Midland 0 - Birmingham 0 |
TOP OF THE 3RD |
Midland RockHounds batting - Pitching for Birmingham Barons : RHP Rick Sacket
|
Batting: SHB Ian Finley
|
0-0: Ball 1-0: Called Strike 1-1: Ball 2-1: Called Strike 2-2: Fly out, F3 (Popup, 3S, EV 75.0 MPH)
|
Batting: LHB Zachary DeLuca
|
0-0: Fly out, F7 (Flyball, 78S, EV 94.4 MPH)
|
Batting: SHB Rich Muniz
|
0-0: Called Strike 0-1: Ball 1-1: Ground out 4-3 (Groundball, 4, EV 86.2 MPH)
|
Top of the 3rd over - 0 runs, 0 hits, 0 errors, 0 left on base; Midland 0 - Birmingham 0 |
BOTTOM OF THE 3RD |
Birmingham Barons batting - Pitching for Midland RockHounds : RHP Dong-choon Park
|
Batting: RHB Chris Simmons
|
0-0: Ball 1-0: Ball 2-0: Ground out 5-3 (Groundball, 56, EV 109.4 MPH)
|
Batting: RHB Santos Guadalupe
|
0-0: Ball 1-0: Ball 2-0: Foul Ball, location: 2F 2-1: Foul Ball, location: 2F 2-2: Ground out 6-3 (Groundball, 56, EV 98.1 MPH)
|
Batting: RHB Jeremy Hoffert
|
0-0: Ground out 6-3 (Groundball, 6S, EV 85.6 MPH)
|
Bottom of the 3rd over - 0 runs, 0 hits, 0 errors, 0 left on base; Midland 0 - Birmingham 0 |
TOP OF THE 4TH |
Midland RockHounds batting - Pitching for Birmingham Barons : RHP Rick Sacket
|
Batting: RHB Dave Glenn
|
0-0: Ground out 4-3 (Groundball, 4M, EV 80.6 MPH)
|
Batting: LHB John Shults
|
0-0: Called Strike 0-1: Called Strike 0-2: Fly out, F9 (Flyball, 89M, EV 95.6 MPH)
|
Batting: RHB Luis Restrepo
|
0-0: Ball 1-0: Ball 2-0: Fly out, F9 (Flyball, 9D, EV 101.9 MPH)
|
Top of the 4th over - 0 runs, 0 hits, 0 errors, 0 left on base; Midland 0 - Birmingham 0 |
BOTTOM OF THE 4TH |
Birmingham Barons batting - Pitching for Midland RockHounds : RHP Dong-choon Park
|
Batting: LHB Brandon Hopper
|
0-0: Ball 1-0: Called Strike 1-1: Bunt missed! 1-2: Ball 2-2: Fly out, F7 (Flyball, 7S, EV 87.5 MPH)
|
Batting: RHB Guillermo Mojica
|
0-0: Foul Ball, location: 2F 0-1: Foul Ball, location: 2F 0-2: Foul Ball, location: 2F 0-2: Ball 1-2: Foul Ball, location: 2F 1-2: Ball 2-2: Strikes out looking
|
Batting: LHB Ryan Dyal
|
0-0: Ball 1-0: Ground out 4-3 (Groundball, 4, EV 108.1 MPH)
|
Bottom of the 4th over - 0 runs, 0 hits, 0 errors, 0 left on base; Midland 0 - Birmingham 0 |
TOP OF THE 5TH |
Midland RockHounds batting - Pitching for Birmingham Barons : RHP Rick Sacket
|
Batting: RHB Danny Heikkila
|
0-0: Ball 1-0: Ball 2-0: Ball 3-0: Called Strike 3-1: Swinging Strike 3-2: Foul Ball, location: 2F 3-2: Foul Ball, location: 2F 3-2: Fly out, F8 (Flyball, 8RM, EV 87.5 MPH)
|
Batting: RHB Carlos Ballesteros
|
0-0: Called Strike 0-1: Swinging Strike 0-2: Ball 1-2: Ball 2-2: Foul Ball, location: 2F 2-2: Foul Ball, location: 2F 2-2: Ground out 5-3 (Groundball, 56S, EV 83.8 MPH)
|
Now at 3B: Peter Croston
|
|
Batting: RHB Armando Estrada
|
0-0: Ball 1-0: Ball 2-0: Ground out 6-3 (Groundball, 6, EV 90.6 MPH)
|
Top of the 5th over - 0 runs, 0 hits, 0 errors, 0 left on base; Midland 0 - Birmingham 0 |
BOTTOM OF THE 5TH |
Birmingham Barons batting - Pitching for Midland RockHounds : RHP Dong-choon Park
|
Batting: LHB Josh Pittman
|
0-0: SINGLE (Groundball, 4MD, EV 106.9 MPH)
|
Batting: RHB Toichiro Fujimoto
|
0-0: SINGLE (Groundball, 6MD, EV 95.0 MPH) Josh Pittman to second
|
Batting: LHB Carlos Ramirez
|
0-0: Ball 1-0: Foul Ball, location: 2F 1-1: Ball 2-1: Ball 3-1: Foul Ball, location: 2F 3-2: Foul Ball, location: 2F 3-2: Foul Ball, location: 2F 3-2: Foul Ball, location: 2F 3-2: Base on Balls Josh Pittman to third Toichiro Fujimoto to second
|
Batting: RHB Peter Croston
|
0-0: Called Strike 0-1: Foul Ball, location: 2F 0-2: Foul Ball, location: 2F 0-2: Grounds into double play, 4-6-3 (Groundball, 4M, EV 104.4 MPH) Josh Pittman scores Toichiro Fujimoto to third
|
Batting: RHB Santos Guadalupe
|
0-0: Ball 1-0: Ground out 3-1 (Groundball, 34S, EV 86.2 MPH)
|
Bottom of the 5th over - 1 run, 2 hits, 0 errors, 1 left on base; Midland 0 - Birmingham 1 |
TOP OF THE 6TH |
Midland RockHounds batting - Pitching for Birmingham Barons : RHP Rick Sacket
|
Batting: SHB Ian Finley
|
0-0: Ball 1-0: Ball 2-0: Ball 3-0: Base on Balls
|
Batting: LHB Zachary DeLuca
|
0-0: Called Strike 0-1: SINGLE (Line Drive, 34, EV 98.1 MPH) Ian Finley to second
|
Batting: SHB Rich Muniz
|
0-0: SINGLE (Line Drive, 9LS, EV 91.9 MPH) Ian Finley to third Zachary DeLuca to second
|
Batting: RHB Dave Glenn
|
0-0: Ball 1-0: Swinging Strike 1-1: Ball 2-1: Fly out, F7 (Flyball, 7D, EV 79.4 MPH) Runner from 3rd tags up, SCORES, throw by LF
|
Batting: LHB John Shults
|
0-0: Ball 1-0: DOUBLE (Line Drive, 5D, EV 105.0 MPH) Zachary DeLuca scores Rich Muniz to third
|
Pitching: RHP Jose Vigil
|
|
Batting: RHB Luis Restrepo
|
0-0: Ball 1-0: Ball 2-0: Ball 3-0: Base on Balls
|
Batting: RHB Danny Heikkila
|
0-0: Called Strike 0-1: Foul Ball, location: 2F 0-2: Strikes out swinging
|
Batting: RHB Carlos Ballesteros
|
0-0: Called Strike 0-1: Ball 1-1: SINGLE (Line Drive, 78S, EV 104.4 MPH) Rich Muniz scores John Shults to third Luis Restrepo to second
|
Batting: RHB Armando Estrada
|
0-0: Ball 1-0: Swinging Strike 1-1: Ground out 4-3 (Groundball, 4, EV 81.9 MPH)
|
Top of the 6th over - 3 runs, 4 hits, 0 errors, 3 left on base; Midland 3 - Birmingham 1 |
BOTTOM OF THE 6TH |
Birmingham Barons batting - Pitching for Midland RockHounds : RHP Dong-choon Park
|
Batting: RHB Jeremy Hoffert
|
0-0: Foul Ball, location: 2F 0-1: Called Strike 0-2: Foul Ball, location: 2F 0-2: Strikes out looking
|
Batting: LHB Brandon Hopper
|
0-0: Called Strike 0-1: Foul Ball, location: 2F 0-2: Foul Ball, location: 2F 0-2: Ball 1-2: Ground out 4-3 (Groundball, 34D, EV 103.8 MPH)
|
Batting: RHB Guillermo Mojica
|
0-0: Foul Ball, location: 2F 0-1: Swinging Strike 0-2: Foul Ball, location: 2F 0-2: Ground out 5-3 (Groundball, 56, EV 94.4 MPH)
|
Bottom of the 6th over - 0 runs, 0 hits, 0 errors, 0 left on base; Midland 3 - Birmingham 1 |
TOP OF THE 7TH |
Midland RockHounds batting - Pitching for Birmingham Barons : RHP Jose Vigil
|
Batting: SHB Ian Finley
|
0-0: Ball 1-0: Ball 2-0: Ball 3-0: Called Strike 3-1: Fly out, F6 (Line Drive, 6M, EV 71.2 MPH)
|
Batting: LHB Zachary DeLuca
|
0-0: Swinging Strike 0-1: Ball 1-1: Ball 2-1: Ball 3-1: Base on Balls
|
Batting: SHB Rich Muniz
|
0-0: Swinging Strike 0-1: Called Strike 0-2: Ball 1-2: SINGLE (Line Drive, 9S, EV 89.4 MPH) Zachary DeLuca to second Runner from 2nd tries for 3rd, SAFE, throw by RF made to third
|
Batting: RHB Dave Glenn
|
0-0: Ball 1-0: Ball 2-0: Foul Ball, location: 2F 2-1: Swinging Strike 2-2: Ground out 5-3 (Groundball, 56S, EV 66.2 MPH) Rich Muniz to second
|
Batting: LHB John Shults
|
0-0: Called Strike 0-1: Ball 1-1: Ball 2-1: Ball 3-1: Ground out 4-3 (Groundball, 4S, EV 88.1 MPH)
|
Top of the 7th over - 0 runs, 1 hit, 0 errors, 2 left on base; Midland 3 - Birmingham 1 |
BOTTOM OF THE 7TH |
Birmingham Barons batting - Pitching for Midland RockHounds : RHP Dong-choon Park
|
Batting: LHB Ryan Dyal
|
0-0: Called Strike 0-1: Called Strike 0-2: Ground out U3 (Groundball, 34, EV 98.1 MPH)
|
Batting: LHB Josh Pittman
|
0-0: Ball 1-0: Ball 2-0: Foul Ball, location: 2F 2-1: Foul Ball, location: 2F 2-2: Foul Ball, location: 2F 2-2: Ball 3-2: SINGLE (Flyball, 5D, EV 89.4 MPH)
|
Batting: RHB Toichiro Fujimoto
|
0-0: Ball 1-0: Foul Ball, location: 2F 1-1: Grounds into double play, 5-4-3 (Groundball, 56, EV 85.0 MPH)
|
Bottom of the 7th over - 0 runs, 1 hit, 0 errors, 0 left on base; Midland 3 - Birmingham 1 |
TOP OF THE 8TH |
Midland RockHounds batting - Pitching for Birmingham Barons : RHP Jose Vigil
|
Pitching: RHP Mario Zarate
|
|
Batting: RHB Luis Restrepo
|
0-0: Called Strike 0-1: Foul Ball, location: 2F 0-2: Ball 1-2: Ball 2-2: Ball 3-2: Base on Balls
|
Batting: RHB Danny Heikkila
|
0-0: Sac Bunt to 15S - play at first, batter safe! Luis Restrepo to second
|
Batting: RHB Carlos Ballesteros
|
0-0: Sac Bunt to 5S - play at first, batter OUT! 5-3 Luis Restrepo to third Danny Heikkila to second
|
Batting: RHB Armando Estrada
|
0-0: Ball 1-0: Fly out, F8 (Flyball, 8LM, EV 88.8 MPH)
|
Batting: SHB Ian Finley
|
0-0: SINGLE (Groundball, 56D, EV 99.4 MPH) Luis Restrepo scores Danny Heikkila to third Runner from 3rd tries for Home, SAFE, throw by LF to home
|
Batting: LHB Zachary DeLuca
|
0-0: Called Strike 0-1: SINGLE (Flyball, 89S, EV 97.5 MPH) Ian Finley to second
|
Batting: SHB Rich Muniz
|
0-0: Foul Ball, location: 2F 0-1: Ball 1-1: Swinging Strike 1-2: Strikes out swinging
|
Top of the 8th over - 2 runs, 3 hits, 0 errors, 2 left on base; Midland 5 - Birmingham 1 |
BOTTOM OF THE 8TH |
Birmingham Barons batting - Pitching for Midland RockHounds : RHP Dong-choon Park
|
Batting: LHB Carlos Ramirez
|
0-0: SINGLE (Groundball, 6MD, EV 97.5 MPH)
|
Pinch Hitting: LHB Herkko Haavikko
|
0-0: Ball 1-0: Ball 2-0: Ball 3-0: Called Strike 3-1: Swinging Strike 3-2: Base on Balls Carlos Ramirez to second
|
Pinch Hitting: LHB Ryan Karg
|
0-0: Called Strike 0-1: Ball 1-1: Ball 2-1: Ball 3-1: Called Strike 3-2: Base on Balls Carlos Ramirez to third Herkko Haavikko to second
|
Pitching: LHP Bobby Dahlgren
|
|
Batting: RHB Jeremy Hoffert
|
0-0: Ball 1-0: Called Strike 1-1: Ball 2-1: Ball 3-1: Fielders Choice at 2nd, 5-4 (Groundball, 56, EV 105.0 MPH) Carlos Ramirez scores Herkko Haavikko to third
|
Pinch Hitting: RHB Mike Titus
|
0-0: Called Strike 0-1: Foul Ball, location: 2F 0-2: Ball 1-2: SINGLE (Groundball, 13, EV 93.8 MPH) (infield hit) Herkko Haavikko scores Jeremy Hoffert to second
|
Batting: RHB Guillermo Mojica
|
0-0: DOUBLE (Line Drive, 8RXD, EV 111.2 MPH) Jeremy Hoffert scores Mike Titus to third
|
Batting: LHB Ryan Dyal
|
0-0: Called Strike 0-1: Ground out 5-3 (Groundball, 6S, EV 86.9 MPH) Mike Titus scores Guillermo Mojica to third
|
Batting: LHB Josh Pittman
|
0-0: Called Strike 0-1: Ground out U3 (Groundball, 3L, EV 83.8 MPH)
|
Bottom of the 8th over - 4 runs, 3 hits, 0 errors, 1 left on base; Midland 5 - Birmingham 5 |
TOP OF THE 9TH |
Midland RockHounds batting - Pitching for Birmingham Barons : RHP Mario Zarate
|
Pitching: RHP Maury Compson
|
|
Now at 3B: Zach Hulme
|
|
Now at SS: Jose Duran
|
|
Now in RF: Herkko Haavikko
|
|
Batting: RHB Dave Glenn
|
0-0: Called Strike 0-1: Ball 1-1: Ball 2-1: Ground out U3 (Groundball, 34S, EV 83.8 MPH)
|
Batting: LHB John Shults
|
0-0: Ball 1-0: Ball 2-0: Called Strike 2-1: Swinging Strike 2-2: Foul Ball, location: 2F 2-2: Ball 3-2: Base on Balls
|
Pinch Runner at 1st Dunlang Clark:
|
|
Batting: RHB Luis Restrepo
|
0-0: Called Strike 0-1: Foul Ball, location: 2F 0-2: Ball 1-2: Ground out 5-3 (Groundball, 56S, EV 68.1 MPH) Dunlang Clark to second
|
Pinch Hitting: LHB Chance Stever
|
0-0: Intentional Walk
|
Batting: RHB Carlos Ballesteros
|
0-0: Swinging Strike 0-1: Foul Ball, location: 2F 0-2: Strikes out swinging
|
Top of the 9th over - 0 runs, 0 hits, 0 errors, 2 left on base; Midland 5 - Birmingham 5 |
BOTTOM OF THE 9TH |
Birmingham Barons batting - Pitching for Midland RockHounds : LHP Bobby Dahlgren
|
Now at C: Dunlang Clark
|
|
Now at 2B: Ian Finley
|
|
Now in RF: Billy Schultz
|
|
Batting: RHB Toichiro Fujimoto
|
0-0: Called Strike 0-1: Ground out 4-3 (Groundball, 4M, EV 85.0 MPH)
|
Batting: LHB Carlos Ramirez
|
0-0: Foul Ball, location: 2F 0-1: Swinging Strike 0-2: Ball 1-2: Strikes out swinging
|
Batting: LHB Herkko Haavikko
|
0-0: Swinging Strike 0-1: Called Strike 0-2: Ball 1-2: Ball 2-2: Ball 3-2: Base on Balls
|
Pinch Hitting: RHB Sean Lee
|
0-0: Foul Ball, location: 2F 0-1: Foul Ball, location: 2F 0-2: Ball 1-2: Strikes out looking
|
Bottom of the 9th over - 0 runs, 0 hits, 0 errors, 1 left on base; Midland 5 - Birmingham 5 |
TOP OF THE 10TH |
Midland RockHounds batting - Pitching for Birmingham Barons : RHP Maury Compson
|
Now at SS: Lee Dillon
|
|
Batting: RHB Armando Estrada
|
0-0: Ball 1-0: Swinging Strike 1-1: Ball 2-1: Foul Ball, location: 2F 2-2: Ball 3-2: Foul Ball, location: 2F 3-2: SINGLE (Groundball, 4M, EV 95.0 MPH)
|
Batting: SHB Ian Finley
|
0-0: Called Strike 0-1: SINGLE (Groundball, 3S, EV 70.0 MPH) (infield hit) Armando Estrada to second
|
Batting: LHB Zachary DeLuca
|
0-0: Bunt missed! 0-1: Sac Bunt to 15S - play at first, batter OUT! 1-4 Armando Estrada to third Ian Finley to second
|
Batting: SHB Rich Muniz
|
0-0: Ball Wild Pitch! Armando Estrada scores Ian Finley to third 1-0: Swinging Strike 1-1: Ball 2-1: Swinging Strike 2-2: Strikes out swinging
|
Batting: RHB Dave Glenn
|
0-0: Ball 1-0: Foul Ball, location: 2F 1-1: Ball 2-1: Reached on error, E5 (Groundball, 5, EV 85.0 MPH) Ian Finley scores
|
Batting: RHB Dunlang Clark
|
0-0: Ball 1-0: Foul Ball, location: 2F 1-1: Foul Ball, location: 2F 1-2: Foul Ball, location: 2F 1-2: Ball 2-2: Fielders Choice at 2nd, 5-4 (Groundball, 5, EV 78.1 MPH)
|
Top of the 10th over - 2 runs, 2 hits, 1 error, 1 left on base; Midland 7 - Birmingham 5 |
BOTTOM OF THE 10TH |
Birmingham Barons batting - Pitching for Midland RockHounds : LHP Bobby Dahlgren
|
Pitching: RHP Steve Friesner
|
|
Now at 3B: Eduardo Chavez
|
|
Batting: RHB Jeremy Hoffert
|
0-0: Called Strike 0-1: SINGLE (Flyball, 9S, EV 92.5 MPH)
|
Batting: RHB Zach Hulme
|
0-0: Foul Ball, location: 2F 0-1: Swinging Strike 0-2: Strikes out swinging
|
Batting: RHB Guillermo Mojica
|
0-0: DOUBLE (Flyball, 89D, EV 113.1 MPH) Jeremy Hoffert to third
|
Batting: LHB Ryan Dyal
|
0-0: Called Strike 0-1: Ball 1-1: Ball 2-1: Foul Ball, location: 2F 2-2: Foul Ball, location: 2F 2-2: Strikes out looking
|
Batting: LHB Josh Pittman
|
0-0: Called Strike 0-1: Swinging Strike 0-2: Ball 1-2: Ball 2-2: Ground out 6-3 (Groundball, 6MD, EV 90.6 MPH)
|
Bottom of the 10th over - 0 runs, 2 hits, 0 errors, 2 left on base; Midland 7 - Birmingham 5 |
|